 Dungeon Crawl Stone Soup version 0.30-a0-852-g08b95dd62f (webtiles) character file.

Game seed: 15143131070867984957

56 porpoise the Sneak (level 3, -1/26 HPs)
             Began as a Gnoll Enchanter on Mar 5, 2023.
             Slain by a gnoll
             ... wielding a +0 flail
              (11 damage)
             ... on level 2 of the Dungeon.
             The game lasted 00:03:42 (1826 turns).

porpoise the Sneak (Gnoll Enchanter)                Turns: 1826, Time: 00:03:42

Health: -1/26      AC:  2    Str:  7    XL:     3   Next: 95%
Magic:  6/9        EV: 13    Int: 16    God:
Gold:   143        SH:  0    Dex: 12    Spells: 4/12 levels left

rFire   . . .      SeeInvis .    a - +0 dagger (venom)
rCold   + . .      Faith    .    (no shield)
rNeg    . . .      Spirit   .    b - +0 robe
rPois   .          Reflect  .    (no helmet)
rElec   .          Rampage  .    (no cloak)
rCorr   .                        (no gloves)
Will    .....                    (no boots)
Stlth   +++                      (no amulet)
HPRegen 0.24/turn                e - ring of protection from cold
MPRegen 0.11/turn                (no ring)

@: very slightly contaminated
A: fangs 1, strong nose, distributed training
a: no special abilities


You were on level 2 of the Dungeon.
You visited 1 branch of the dungeon, and saw 2 of its levels.

You collected 143 gold pieces.

Inventory:

Hand Weapons
 a - a +0 dagger of venom (weapon)
 g - a +1 dagger
Missiles
 l - a throwing net (quivered)
Armour
 b - a +0 robe (worn)
Jewellery
 e - a ring of protection from cold (left hand)
 i - a ring of fire
Scrolls
 d - 3 scrolls of identify {unknown}
 j - a scroll of amnesia {unknown}
 n - a scroll of teleportation {unknown}
 o - a scroll of noise {unknown}
Potions
 c - a potion of invisibility
 f - 3 potions of heal wounds {unknown}
 h - a potion of attraction {unknown}
 k - 2 potions of curing {unknown}
 m - a potion of cancellation {unknown}


   Skills:
 + Level 1.0 Fighting
 + Level 2.7 Short Blades
 + Level 1.0 Long Blades
 + Level 1.0 Axes
 + Level 1.0 Maces & Flails
 + Level 1.0 Polearms
 + Level 1.0 Staves
 + Level 1.0 Ranged Weapons
 + Level 1.0 Throwing
 + Level 1.0 Armour
 + Level 4.6 Dodging
 + Level 6.0 Stealth
 + Level 1.0 Shields
 + Level 1.0 Unarmed Combat
 + Level 5.0 Spellcasting
 + Level 0.7 Conjurations
 + Level 5.4 Hexes
 + Level 0.7 Summonings
 + Level 0.7 Necromancy
 + Level 0.7 Translocations
 + Level 0.7 Transmutations
 + Level 0.7 Fire Magic
 + Level 0.7 Ice Magic
 + Level 0.7 Air Magic
 + Level 0.7 Earth Magic
 + Level 0.7 Poison Magic
 + Level 1.1 Invocations
 + Level 1.0 Evocations


You had 4 spell levels left.
You knew the following spells:

 Your Spells              Type           Power      Damage    Failure   Level
a - Confusing Touch       Hex            21%        N/A       4%          3
e - Ensorcelled Hibernat  Hex/Ice        28%        N/A       6%          2
t - Tukima's Dance        Hex            21%        N/A       4%          3

Your spell library contained the following spells:

 Spells                   Type           Power      Damage    Failure   Level
 Dazzling Flash           Conj/Hex       28%        N/A       13%         3


Dungeon Overview and Level Annotations

Branches:
Dungeon (2/15)

Altars:


Innate Abilities, Weirdness & Mutations

You have very sharp teeth.
Your uncanny sense of smell can sniff out nearby items.
Your experience applies equally to all skills.


Message History

Found a stone staircase leading down.
A gnoll is nearby!
A gnoll is nearby!
Casting: Ensorcelled Hibernation (safe; 6% risk of failure)
Confirm with . or Enter, or press ? or * to list all spells.
Aiming: Ensorcelled Hibernation (safe; 6% risk of failure)
Press: ? - help, Shift-Dir - straight line, f - you That would be overly suicidal.
Okay, then.
The gnoll shouts! x2
The gnoll hits you with a +0 halberd.
Casting: Ensorcelled Hibernation (safe; 6% risk of failure)
Confirm with . or Enter, or press ? or * to list all spells.
Aiming: Ensorcelled Hibernation (safe; 6% risk of failure)
Press: ? - help, Shift-Dir - straight line, f - gnoll
Aim: a gnoll, wielding a +0 flail (chance to affect: 56%)
Okay, then.
Unknown command.
Casting: Ensorcelled Hibernation (safe; 6% risk of failure)
Confirm with . or Enter, or press ? or * to list all spells.
The spell is quite dangerous to miscast (4% risk of failure)!
Continue anyway? [Y]es or [N]o only, please.
The spell is quite dangerous to miscast (4% risk of failure)!
Continue anyway?
You miscast Confusing Touch.
You are very lightly contaminated with residual magic.
Nothing appears to happen.
The gnoll misses you.
You hit the gnoll but do no damage.
The gnoll is poisoned.
The gnoll barely misses you.
You barely miss the gnoll. The gnoll hits you with a +0 halberd!
You barely miss the gnoll. The gnoll barely misses you.
You closely miss the gnoll. You bite the gnoll, but do no damage.
You barely miss the gnoll. The gnoll hits you with a +0 halberd.
You hit the gnoll but do no damage.
The gnoll looks as sick as possible!
You bite the gnoll.
The gnoll is lightly wounded.
The gnoll misses you. The gnoll barely misses you.
You hit the gnoll.
The gnoll looks as sick as possible!
The gnoll is severely wounded.
The gnoll hits you with a +0 flail!
You die...

#............##............# #...
.............##............###.#.
.............##................##
.............##.........##.......
#............##..........'......#
#...###.#.#.#.#.#.#.#.#.#.#.....#
#...#...........................#
#.....#.#†#.#.#.#.#>#.#.#.#.....#
#...............@...............'
#.....#.#.#.#.#g#g#.#.#.#.#....)#
........................#######.#
..... ..................# #.#
.... ..................## ##.#
... #.. ..#...........#######...
. #.....................
#....................#
#.....................


You could see 2 gnolls.

Vanquished Creatures
  A gnoll (D:2)
  An adder (D:2)
  A dart slug (D:1)
  5 ball pythons
  3 bats
  An endoplasm (D:2)
  A giant cockroach (D:1)
  3 goblins (D:1)
  4 hobgoblins
  2 jackals (D:1)
  A quokka (D:1)
  A frilled lizard (D:1)
  5 kobolds
  6 rats
35 creatures vanquished.

Vanquished Creatures (others)
  8 plants (D:1)
8 creatures vanquished.

Grand Total: 43 creatures vanquished

Notes
Turn   | Place    | Note
-------+----------+-------------------------------------------
     0 | D:1      | porpoise the Gnoll Enchanter began the quest for the Orb.
     0 | D:1      | Reached XP level 1. HP: 13/13 MP: 6/6
   210 | D:1      | Reached XP level 2. HP: 18/19 MP: 7/7
   361 | D:1      | Found a faded altar of an unknown god.
   628 | D:1      | Learned a level 2 spell: Ensorcelled Hibernation
  1012 | D:1      | Reached skill level 5 in Spellcasting
  1012 | D:1      | Reached XP level 3. HP: 25/25 MP: 7/9
  1023 | D:1      | Learned a level 3 spell: Confusing Touch
  1027 | D:1      | Learned a level 3 spell: Tukima's Dance
  1097 | D:1      | Reached skill level 6 in Stealth
  1352 | D:2      | Reached skill level 1 in Invocations
  1585 | D:2      | Reached skill level 1 in Fighting
  1585 | D:2      | Reached skill level 1 in Long Blades
  1585 | D:2      | Reached skill level 1 in Axes
  1585 | D:2      | Reached skill level 1 in Maces & Flails
  1585 | D:2      | Reached skill level 1 in Polearms
  1585 | D:2      | Reached skill level 1 in Staves
  1585 | D:2      | Reached skill level 1 in Ranged Weapons
  1585 | D:2      | Reached skill level 1 in Throwing
  1585 | D:2      | Reached skill level 1 in Armour
  1585 | D:2      | Reached skill level 1 in Shields
  1585 | D:2      | Reached skill level 1 in Unarmed Combat
  1585 | D:2      | Reached skill level 1 in Evocations
  1826 | D:2      | Slain by a gnoll

Illustrated notes

Levels and vault maps discovered:
D:1:      dpeg_arrival_rooms_b, layout_loops_ring,
          hellmonk_ecumenical_altar_inner_sanctum, serial_forest,
          infiniplex_forest_clump_double, infiniplex_forest_lined_3,
          infiniplex_forest_lined_1, infiniplex_forest_lined_room_3,
          infiniplex_forest_straight_4
D:2:      layout_basic, minmay_misc_feat_rows, st_stairs_13

Skill      XL: |  1  2  3 |
---------------+----------+-----
Spellcasting   | 5 |  5.0
Stealth        | 6 |  6.0
Invocations    | 1 |  1.1
Fighting       | 1 |  1.0
Long Blades    | 1 |  1.0
Axes           | 1 |  1.0
Maces & Flails | 1 |  1.0
Polearms       | 1 |  1.0
Staves         | 1 |  1.0
Ranged Weapons | 1 |  1.0
Throwing       | 1 |  1.0
Armour         | 1 |  1.0
Shields        | 1 |  1.0
Unarmed Combat | 1 |  1.0
Evocations     | 1 |  1.0
Short Blades   | |  2.7
Dodging        | |  4.6
Conjurations   | |  0.7
Hexes          | |  5.4
Summonings     | |  0.7
Necromancy     | |  0.7
Translocations | |  0.7
Transmutations | |  0.7
Fire Magic     | |  0.7
Ice Magic      | |  0.7
Air Magic      | |  0.7
Earth Magic    | |  0.7
Poison Magic   | |  0.7

Action                     || total
---------------------------++-------
  Melee: Dagger            ||   102
         Bite              ||    10
         Punch             ||     3
   Cast: Ensorcelled Hiber ||     6
    Use: Potion            ||     1
   Stab: Sleeping          ||    11
         Distracted        ||     1
 Armour: Robe              ||    16
  Dodge: Dodged            ||    65

Table legend: (Time is in decaauts)
 A = Elapsed time spent in this place.
 B = Non-inter-level travel time spent in this place.
 C = Inter-level travel time spent in this place.
 D = Time resting spent in this place.
 E = Time spent auto-exploring this place.
 F = Levels seen in this place.
 G = Mean time per level.
                   A        B        C        D        E       F      G
               +--------+--------+--------+--------+--------+-----+--------+
         Total |   1813 |   1805 |      8 |    531 |    953 |   2 |  906.5 |
       Dungeon |   1813 |   1805 |      8 |    531 |    953 |   2 |  906.5 |
               +--------+--------+--------+--------+--------+-----+--------+

Top non-repeatable levels by time:
     D:1: 1267 daAuts
     D:2: 545 daAuts
